 Dungeon Crawl Stone Soup version 0.22.1-2-g9c5b331 (webtiles) character file.

1127 nicolaieve the Basher (level 8, 0/96 HPs)
             Began as a Minotaur Berserker on Dec 19, 2018.
             Was an Elder of Trog.
             Slain by a sky beast (6 damage)
             ... on level 5 of the Dungeon.
             The game lasted 00:10:13 (2838 turns).

nicolaieve the Basher (Minotaur Berserker)          Turns: 2838, Time: 00:10:13

Health: 0/96       AC:  9    Str: 31    XL:     8   Next: 13%
Magic:  7/7        EV:  9    Int:  4    God:    Trog [****..]
Gold:   214        SH:  0    Dex: 12    Spells: 7/7 levels left

rFire    . . .     SeeInvis +   B - +3 mace
rCold    . . .     Gourm    .   (no shield)
rNeg     . . .     Faith    .   D - +0 chain mail (curse)
rPois    .         Spirit   .   (helmet restricted)
rElec    .         Reflect  .   (no cloak)
rCorr    .         Harm     .   E - +0 pair of gloves
MR       .....                  (no boots)
Stlth    ..........             (no amulet)
HPRegen  0.26/turn              p - +4 ring of strength
MPRegen  0.10/turn              s - ring of see invisible

@: berserking, very quick
A: retaliatory headbutt, horns 2
a: Berserk, Trog's Hand, Brothers in Arms, Renounce Religion


You were on level 5 of the Dungeon.
You worshipped Trog.
Trog was greatly pleased with you.
You were very hungry.

You visited 1 branch of the dungeon, and saw 5 of its levels.

You collected 214 gold pieces.

Inventory:

Hand Weapons
 a - a +0 mace
 h - a +0 hunting sling
 B - a +3 mace (weapon)
Missiles
 e - 131 stones (quivered)
 l - 85 sling bullets
Armour
 k - a +0 ring mail
 D - a cursed +0 chain mail (worn)
 E - a +0 pair of gloves (worn)
Jewellery
 p - a +4 ring of strength (left hand)
 s - a ring of see invisible (right hand)
Wands
 v - a wand of polymorph (14)
 A - a wand of iceblast (11)
 F - a wand of clouds (2)
Scrolls
 d - 9 scrolls of teleportation
 g - 2 scrolls of immolation {unknown}
 i - a scroll of fog {unknown}
 j - 5 scrolls of identify {unknown}
 n - a scroll of magic mapping {unknown}
 q - a scroll of random uselessness {unknown}
 r - 3 scrolls of remove curse {unknown}
 t - 2 scrolls of fear {unknown}
 u - 3 scrolls of blinking {unknown}
 y - a scroll of enchant weapon {unknown}
 C - a scroll of amnesia {unknown}
Potions
 b - a potion of might {unknown}
 f - a potion of mutation {unknown}
 m - 3 potions of heal wounds {unknown}
 o - 2 potions of agility {unknown}
 w - a potion of magic {unknown}
 x - a potion of curing {unknown}
 z - a potion of lignification {unknown}
 G - a potion of brilliance {unknown}
Comestibles
 c - 6 rations


   Skills:
 - Level 3.6 Fighting
 + Level 11.8 Maces & Flails
 - Level 2.4 Armour
 - Level 2.1 Dodging


You had 7 spell levels left.
You didn't know any spells.
Your spell library was empty.

Dungeon Overview and Level Annotations

Branches:
Dungeon (5/15)             Temple (0/1) D:4

Altars:


Innate Abilities, Weirdness & Mutations

You reflexively headbutt those who attack you in melee.
You have a pair of horns on your head.


Message History

The sky beast corpse isn't edible.
The sky beast hits you.
* * * LOW HITPOINT WARNING * * *
The sky beast shocks you.
* * * LOW HITPOINT WARNING * * *
You see here a sky beast corpse.
You sock the sky beast!
You headbutt the sky beast, but do no damage.
The sky beast is moderately wounded.
The sky beast hits you.
* * * LOW HITPOINT WARNING * * *
The sky beast shocks you.
* * * LOW HITPOINT WARNING * * *
A red film seems to cover your vision as you go berserk!
You feel yourself moving faster!
You feel mighty!
You are feeling very hungry.
The sky beast hits you.
* * * LOW HITPOINT WARNING * * *
The sky beast shocks you.
You die...

........ ....
........ ...
....... ..##
....... ...####
#... ##.......
##.. ###........ .
#.. ####...Y...#
#.# ##.. #.....@#
#..##... !...#...#
##......# . #...#
..##.......#
##..## .....###...
##..# .... ##..
#..## #..# ####..
#...# #..# #..##.
#..>## #..###..##.
##...###..##....(.


You could see a sky beast.

Vanquished Creatures
  Sigmund (D:2)
  A hungry ghost (D:4)
  The ghost of edgar the Caller, an amateur OpSu (D:4)
  A sky beast (D:5)
  A centaur (D:5)
  2 scorpions
  A howler monkey (D:4)
  A hound (D:4)
  A gnoll shaman (D:2)
  An orc wizard (D:4)
  3 worker ants (D:4)
  A hound zombie (D:4)
  A hound skeleton (D:3)
  Robin (D:3)
  10 adders
  3 gnolls (D:2)
  An adder skeleton (D:4)
  3 worms
  2 dart slugs
  2 leopard geckos
  8 orcs
  8 bats
  3 giant cockroaches
  19 goblins
  9 hobgoblins
  4 jackals (D:4)
  A quokka (D:3)
  4 ball pythons
  A ball python skeleton (D:4)
  4 frilled lizards (D:2)
  A jackal skeleton (D:4)
  5 kobolds
  A quokka zombie (D:4)
  7 rats
113 creatures vanquished.

Notes
Turn   | Place    | Note
-------+----------+-------------------------------------------
     0 | D:1      | nicolaieve the Minotaur Berserker began the quest for the
                  | Orb.
     0 | D:1      | Reached XP level 1. HP: 19/19 MP: 0/0
    56 | D:1      | Reached skill level 4 in Maces & Flails
    89 | D:1      | Reached XP level 2. HP: 14/26 MP: 1/1
   671 | D:2      | Reached skill level 5 in Maces & Flails
   721 | D:2      | Reached ** piety under Trog
   740 | D:2      | Reached XP level 3. HP: 31/31 MP: 2/2
   829 | D:2      | Reached skill level 6 in Maces & Flails
   829 | D:2      | Reached XP level 4. HP: 27/39 MP: 3/3
  1087 | D:2      | Reached XP level 5. HP: 36/45 MP: 4/4
  1100 | D:2      | Noticed Sigmund
  1108 | D:2      | Killed Sigmund
  1108 | D:2      | Reached skill level 8 in Maces & Flails
  1108 | D:2      | Reached XP level 6. HP: 45/51 MP: 5/5
  1425 | D:3      | Noticed Robin
  1443 | D:3      | Killed Robin
  1471 | D:3      | Reached *** piety under Trog
  1894 | D:4      | Found a staircase to the Ecumenical Temple.
  1904 | D:4      | Found a transporter.
  1904 | D:4      | Noticed edgar's ghost (amateur OpSu)
  1910 | D:4      | Noticed a hungry ghost
  1923 | D:4      | Reached skill level 9 in Maces & Flails
  2123 | D:4      | Found a transporter.
  2129 | D:4      | Reached XP level 7. HP: 51/57 MP: 6/6
  2267 | D:4      | Reached skill level 10 in Maces & Flails
  2500 | D:4      | Killed edgar's ghost
  2504 | D:4      | Reached **** piety under Trog
  2506 | D:4      | Killed a hungry ghost
  2506 | D:4      | Reached skill level 11 in Maces & Flails
  2534 | D:5      | Entered Level 5 of the Dungeon
  2795 | D:5      | Reached XP level 8. HP: 23/64 MP: 7/7
  2838 | D:5      | Slain by a sky beast

Skill      XL: |  1  2  3  4  5  6  7 |
---------------+----------------------+-----
Maces & Flails | 4 5 6 8 9 11 | 11.8
Fighting       | |  3.6
Armour         | |  2.4
Dodging        | |  2.1

Action                   |  1- 3 |  4- 6 |  7- 9 || total
-------------------------+-------+-------+-------++-------
Melee: Mace              |    63 |   153 |    49 ||   265
       Headbutt          |     5 |    23 |    14 ||    42
Invok: Trog's Hand       |     1 |     3 |       ||     4
       Berserk           |     1 |     1 |     2 ||     4
  Use: Scroll            |       |     1 |       ||     1
  Eat: Chunk             |       |     7 |     3 ||    10
Armor: Animal skin       |     9 |       |       ||     9
       Ring mail         |    18 |    30 |       ||    48
       Chain mail        |       |       |    19 ||    19
Dodge: Dodged            |    46 |    86 |    23 ||   155
